AoeStats
← cauliflower

Black Forest

513579015Analyzed
4v4 RM · 4d ago on Oct 14, 2026· 49m 15s· 8 players
Game mode
Random Map
Map size
Large (8 player)
Population
200
Speed
Normal
Resources
Standard
Victory
Conquest
Starting age
Dark Age
Ending age
Imperial Age
RankedLock teamsTeams togetherTeam positionsShared explorationLock speedFull tech treeHidden civsTurbo modeCheats
Victory
Defeat
🇨🇳 Persians · China
1556
+11
🇹🇷 Bohemians · Türkiye
1464
+14
🇩🇪 Khitans · Germany
1401
+17
🇮🇳 Bulgarians · India
1339
+20
vs
🇨🇳 Mongols · China
1442
-16
1438
-16
🇨🇳 Dravidians · China
1409
-15
🇩🇪 Burgundians · Germany
1409
-15
SlyFever
0:27 Loom
13:12 Feudal Age
17:17 Castle Age
15:57 Double-Bit Axe
16:02 Horse Collar
23:18 Heavy Plow
25:29 Bow Saw
29:38 Stone Mining
29:44 Gold Mining
30:01 Fletching
32:50 Wheelbarrow
32:01 Town Watch
34:15 Bodkin Arrow
34:20 Padded Archer Armor
35:59 Bodkin Arrow
36:36 Town Patrol
40:13 Imperial Age
37:49 Scale Mail Armor
37:59 Forging
38:50 Sanctity
39:00 Hand Cart
38:14 Pikeman
38:54 Squires
38:40 Arson
40:31 Iron Casting
40:12 Chain Mail Armor
40:15 Elite Skirmisher
41:37 Medical Corps
41:55 Ballistics
41:42 Thumb Ring
41:24 Halberdier
42:43 Plate Mail Armor
43:13 Blast Furnace
42:14 Bracer
42:15 Padded Archer Armor
43:24 Wootz Steel
43:25 Conscription
42:30 Elite Urumi Swordsman
[CL] EcoTyrant
10:11 Feudal Age
10:49 Double-Bit Axe
11:17 Horse Collar
13:39 Castle Age
14:48 Bow Saw
14:39 Heavy Plow
19:47 Gold Mining
20:40 Wheelbarrow
22:23 Stone Mining
23:11 Loom
24:37 Gold Shaft Mining
25:22 Stone Shaft Mining
27:30 Imperial Age
25:34 Ballistics
25:07 Fletching
25:25 Town Watch
26:04 Hand Cart
26:14 Bodkin Arrow
27:27 Padded Archer Armor
28:22 Bracer
29:28 Chemistry
27:55 Capped Ram
28:58 Conscription
29:01 Drill
29:07 Leather Archer Armor
30:01 Siege Engineers
29:51 Siege Ram
31:17 Elite Mangudai
32:12 Bloodlines
32:02 Husbandry
34:32 Nomads
35:08 Hoardings
34:42 Thumb Ring
35:04 Parthian Tactics
46:34 Coinage
46:05 Caravan
cauliflower
1:25 Loom
6:06 Double-Bit Axe
12:00 Feudal Age
13:43 Bow Saw
15:43 Castle Age
14:02 Horse Collar
14:43 Heavy Plow
18:40 Two-Man Saw
18:53 Wheelbarrow
22:58 Gold Mining
23:00 Stone Mining
25:33 Hand Cart
28:04 Imperial Age
25:55 Cavalier
26:35 Husbandry
26:42 Scale Barding Armor
26:47 Forging
27:03 Town Watch
27:37 Burgundian Vineyards
28:36 Gold Shaft Mining
28:18 Paladin
30:01 Chain Barding Armor
29:51 Forging
32:00 Crop Rotation
33:15 Plate Barding Armor
33:15 Iron Casting
33:40 Squires
33:00 Pikeman
34:51 Halberdier
36:12 Scale Mail Armor
38:24 Ballistics
39:02 Conscription
40:54 Blast Furnace
40:57 Chain Mail Armor
40:48 Caravan
40:25 Light Cavalry
42:47 Hussar
44:48 Town Patrol
47:41 Treadmill Crane
49:02 Chemistry
49:02 Fletching
灯窝森曾瑞卜药方松滴
9:40 Loom
11:51 Feudal Age
15:22 Castle Age
13:12 Double-Bit Axe
13:10 Horse Collar
13:24 Gold Mining
16:31 Bow Saw
17:57 Wheelbarrow
20:57 Heavy Plow
27:36 Imperial Age
25:35 Stone Mining
26:17 Scale Mail Armor
26:27 Forging
27:31 Man-at-Arms
28:31 Gambesons
28:48 Squires
28:10 Capped Ram
29:11 Chain Mail Armor
29:31 Iron Casting
29:24 Conscription
28:50 Long Swordsman
29:17 Arson
29:53 Hand Cart
29:34 Two-Handed Swordsman
29:36 Pikeman
30:52 Plate Mail Armor
30:40 Fereters
30:47 Champion
30:57 Halberdier
33:39 Blast Furnace
XxBuzzXx
1:53 Loom
11:15 Feudal Age
14:59 Castle Age
13:34 Horse Collar
16:11 Wheelbarrow
15:26 Double-Bit Axe
16:53 Bow Saw
21:21 Heavy Plow
24:11 Gold Mining
24:54 Stone Mining
29:24 Imperial Age
29:14 Masonry
29:11 Scale Barding Armor
29:17 Forging
29:54 Chain Barding Armor
30:18 Stirrups
30:44 Conscription
31:25 Iron Casting
30:55 Fletching
31:41 Plate Barding Armor
32:27 Bodkin Arrow
33:33 Blast Furnace
33:54 Bracer
33:31 Elite Konnik
35:42 Bloodlines
35:33 Husbandry
36:30 Bracer
36:55 Ballistics
37:06 Architecture
37:37 Chemistry
37:47 Caravan
38:18 Coinage
37:54 Light Cavalry
39:06 Hand Cart
39:37 Hussar
42:55 Padded Archer Armor
42:53 Elite Skirmisher
44:42 Thumb Ring
44:54 Leather Archer Armor
Pempe Alabay
5:16 Loom
10:57 Feudal Age
14:31 Castle Age
12:39 Horse Collar
12:45 Double-Bit Axe
15:33 Bow Saw
18:48 Town Watch
19:42 Wheelbarrow
27:31 Imperial Age
24:33 Pikeman
25:13 Squires
24:59 Arson
25:42 Fervor
25:54 Sanctity
26:08 Scale Mail Armor
27:05 Wagenburg Tactics
29:45 Chemistry
28:36 Halberdier
30:06 Chain Mail Armor
31:11 Plate Mail Armor
30:52 Forging
32:33 Iron Casting
32:14 Heavy Plow
34:31 Blast Furnace
34:49 Houfnice
37:06 Siege Engineers
GamerDad
4:14 Loom
11:46 Feudal Age
12:27 Double-Bit Axe
16:32 Castle Age
14:37 Domestication
17:54 Bow Saw
18:22 Pastoralism
23:20 Wheelbarrow
23:21 Town Watch
23:43 Gold Mining
26:32 Hand Cart
26:18 Town Patrol
29:42 Imperial Age
26:47 Heavy Cavalry Archer
27:53 Ballistics
27:47 Padded Archer Armor
27:38 Fletching
28:16 Husbandry
30:11 Forging
30:02 Scale Mail Armor
30:09 Scale Barding Armor
31:06 Transhumance
31:40 Two-Man Saw
30:34 Stone Mining
31:24 Iron Casting
31:13 Leather Archer Armor
31:13 Chain Mail Armor
30:54 Bodkin Arrow
30:38 Heavy Camel Rider
33:15 Chain Barding Armor
33:26 Plate Mail Armor
33:00 Caravan
34:47 Plate Barding Armor
34:13 Bracer
34:43 Ring Archer Armor
33:55 Elite Skirmisher
34:41 Thumb Ring
36:41 Chemistry
35:47 Siege Engineers
35:53 Masonry
36:34 Elite Liao Dao
37:22 Ordo Cavalry
37:26 Lamellar Armor
37:42 Conscription
42:02 Ring Archer Armor
42:15 Light Cavalry
48:57 Coinage
knife
1:12 Loom
10:29 Feudal Age
15:14 Castle Age
13:32 Double-Bit Axe
13:59 Horse Collar
16:02 Bow Saw
21:37 Wheelbarrow
29:35 Imperial Age
27:37 Husbandry
28:07 Heavy Plow
29:24 Scale Barding Armor
29:30 Forging
30:30 Chain Barding Armor
31:18 Iron Casting
32:34 Blast Furnace
33:49 Conscription
33:06 Elite War Elephant
34:34 Hand Cart
34:43 Devotion
35:54 Plate Barding Armor
37:08 Faith
36:51 Caravan
37:01 Guilds
38:30 Bloodlines
38:18 Light Cavalry
40:14 Two-Man Saw
39:44 Crop Rotation
39:06 Gold Mining
39:06 Stone Mining
41:34 Gold Shaft Mining
45:08 Conscription
45:02 Citadels
45:28 Hoardings
46:08 Herbal Medicine
50:16 Chemistry
49:33 Masonry
Connection lost

Rejoining the realm…

Still unreachable

The connection could not be restored.

Session expired

The server has moved on; the page needs a fresh start.